MLB
NEW YORK METS @ LOS ANGELES DODGERS
08/19/2098
 
TOP OF THE 1ST
New York Mets batting - Pitching for Los Angeles Dodgers : LHP Scott Lahoda
Pitching: LHP Scott Lahoda
Batting: RHB Jose de la Rosa 0-0: Ball
1-0: Called Strike
1-1: Foul Ball, location: 7LSF
1-2: Strikes out swinging
Batting: RHB Ryan Taylor 0-0: Foul Ball, location: 5DF
0-1: SOLO HOME RUN (Flyball, 89XD, EV 97.5 MPH), Distance : 398 ft
Batting: RHB Jeff Hestermann 0-0: Swinging Strike
0-1: Called Strike
0-2: Ball
1-2: Strikes out looking
Batting: SHB Curt Tolley 0-0: Foul Ball, location: 3DF
0-1: Called Strike
0-2: Strikes out looking
Top of the 1st over - 1 run, 1 hit, 0 errors, 0 left on base; New York 1 - Los Angeles 0
BOTTOM OF THE 1ST
Los Angeles Dodgers batting - Pitching for New York Mets : LHP Andy Anderson
Pitching: LHP Andy Anderson
Batting: RHB Bryan Uplinger 0-0: Ball
1-0: Foul Ball, location: 3SF
1-1: DOUBLE (Line Drive, 78M, EV 99.4 MPH)
Batting: RHB Dan Boyd 0-0: Called Strike
0-1: Ground out 6-3 (Groundball, 56, EV 81.9 MPH)
Bryan Uplinger to third
Batting: RHB John Spohn 0-0: Ball
1-0: Called Strike
1-1: Ball
2-1: Ball
3-1: Fly out, F9 (Flyball, 9LS, EV 80.0 MPH)
Runner from 3rd tags up, SCORES, throw by RF
Batting: RHB Victor Salinas 0-0: Called Strike
0-1: Called Strike
0-2: Strikes out looking
Bottom of the 1st over - 1 run, 1 hit, 0 errors, 0 left on base; New York 1 - Los Angeles 1
TOP OF THE 2ND
New York Mets batting - Pitching for Los Angeles Dodgers : LHP Scott Lahoda
Batting: RHB Marty Krpan 0-0: Fly out, F9 (Flyball, 89D, EV 101.9 MPH)
Batting: LHB Mike Thompson 0-0: Called Strike
0-1: Ball
1-1: Swinging Strike
1-2: Ball
2-2: SINGLE (Groundball, 4MD, EV 99.4 MPH)
Batting: RHB Chris Sims 0-0: Ball
Wild Pitch!
Mike Thompson to second
1-0: Ball
2-0: DOUBLE (Line Drive, 89XD, EV 106.9 MPH)
Mike Thompson scores
Batting: RHB Cesar Oropeza 0-0: Ground out 6-3 (Groundball, 6, EV 78.8 MPH)
Batting: RHB Nate Morrison 0-0: Swinging Strike
0-1: Ball
1-1: Fly out, F7 (Flyball, 7S, EV 92.5 MPH)
Top of the 2nd over - 1 run, 2 hits, 0 errors, 1 left on base; New York 2 - Los Angeles 1
BOTTOM OF THE 2ND
Los Angeles Dodgers batting - Pitching for New York Mets : LHP Andy Anderson
Batting: RHB Brad Horwath 0-0: Swinging Strike
0-1: Foul Ball, location: 2RF
0-2: Ground out 4-3 (Groundball, 4, EV 81.3 MPH)
Batting: RHB Luis Lozada 0-0: Called Strike
0-1: Called Strike
0-2: Hit by Pitch
Batting: SHB Freddie Mitchell 0-0: Called Strike
0-1: Foul Ball, location: 9LDF
0-2: Ball
1-2: Foul Ball, location: 9LSF
1-2: Foul Ball, location: 2F
1-2: Strikes out swinging
Batting: RHB Joe Boyer 0-0: Ball
Wild Pitch!
Luis Lozada to second
1-0: Swinging Strike
1-1: Ball
2-1: Fly out, F8 (Flyball, 8RD, EV 100.0 MPH)
Bottom of the 2nd over - 0 runs, 0 hits, 0 errors, 1 left on base; New York 2 - Los Angeles 1
TOP OF THE 3RD
New York Mets batting - Pitching for Los Angeles Dodgers : LHP Scott Lahoda
Batting: RHB Jose de la Rosa 0-0: Ball
1-0: Fly out, F9 (Flyball, 9, EV 88.8 MPH)
Batting: RHB Ryan Taylor 0-0: Ball
1-0: Ground out 5-3 (Groundball, 56, EV 80.6 MPH)
Batting: RHB Jeff Hestermann 0-0: Foul Ball, location: 3F
0-1: Fly out, F5 (Line Drive, 5, EV 63.1 MPH)
Top of the 3rd over - 0 runs, 0 hits, 0 errors, 0 left on base; New York 2 - Los Angeles 1
BOTTOM OF THE 3RD
Los Angeles Dodgers batting - Pitching for New York Mets : LHP Andy Anderson
Batting: SHB Jason Avsar 0-0: Called Strike
0-1: Foul Ball, location: 2F
0-2: Ball
1-2: DOUBLE (Line Drive, 5D, EV 95.6 MPH)
Batting: RHB Bryan Uplinger 0-0: Sac Bunt to 13 - play at first, batter OUT! 1-3
Jason Avsar to third
Batting: RHB Dan Boyd 0-0: Ball
1-0: Ground out 5-3 (Groundball, 56S, EV 83.1 MPH)
Jason Avsar scores
Batting: RHB John Spohn 0-0: SINGLE (Line Drive, 34, EV 106.9 MPH)
Batting: RHB Victor Salinas 0-0: Ball
1-0: Ball
2-0: Called Strike
2-1: 2-RUN HOME RUN (Flyball, 7D, EV 101.3 MPH), Distance : 390 ft
Batting: RHB Brad Horwath 0-0: Swinging Strike
0-1: Swinging Strike
0-2: Strikes out swinging
Bottom of the 3rd over - 3 runs, 3 hits, 0 errors, 0 left on base; New York 2 - Los Angeles 4
TOP OF THE 4TH
New York Mets batting - Pitching for Los Angeles Dodgers : LHP Scott Lahoda
Batting: SHB Curt Tolley 0-0: Called Strike
0-1: Foul Ball, location: 2F
0-2: Ball
1-2: Ball
2-2: Ball
3-2: Fly out, F7 (Line Drive, 78M, EV 94.4 MPH)
Pitching: RHP Eric Beattie
Batting: RHB Marty Krpan 0-0: Ball
1-0: Fly out, F8 (Flyball, 89D, EV 106.9 MPH)
Batting: LHB Mike Thompson 0-0: Ball
1-0: Ground out 4-3 (Groundball, 4M, EV 78.8 MPH)
Top of the 4th over - 0 runs, 0 hits, 0 errors, 0 left on base; New York 2 - Los Angeles 4
BOTTOM OF THE 4TH
Los Angeles Dodgers batting - Pitching for New York Mets : LHP Andy Anderson
Batting: RHB Luis Lozada 0-0: Ball
1-0: Ball
2-0: Called Strike
2-1: Ball
3-1: Base on Balls
Batting: SHB Freddie Mitchell 0-0: Bunted foul
0-1: Ball
1-1: Ball
2-1: Bunted foul
2-2: Ball
3-2: Fly out, F3 (Popup, 3, EV 35.6 MPH)
Batting: RHB Joe Boyer 0-0: Ball
1-0: Ball
2-0: Ball
3-0: Base on Balls
Luis Lozada to second
Batting: SHB Jason Avsar 0-0: Swinging Strike
0-1: Ball
1-1: Ball
2-1: Foul Ball, location: 9LDF
2-2: SINGLE (Line Drive, 89M, EV 103.1 MPH)
Luis Lozada to third
Joe Boyer to second
Batting: RHB Bryan Uplinger 0-0: Ball
1-0: Foul Ball, location: 5DF
1-1: Called Strike
1-2: SINGLE (Groundball, P, EV 88.1 MPH) (infield hit)
Luis Lozada scores
Joe Boyer to third
Jason Avsar to second
Pitching: RHP Dan Herzog
Batting: RHB Dan Boyd 0-0: Ball
Wild Pitch!
Joe Boyer scores
Jason Avsar to third
Bryan Uplinger to second
1-0: Ball
2-0: Ball
3-0: Called Strike
3-1: Base on Balls
Batting: RHB John Spohn 0-0: Ball
1-0: Called Strike
1-1: Fly out, F8 (Flyball, 8LM, EV 98.8 MPH)
Runner from 3rd tags up, SCORES, throw by CF
Batting: RHB Victor Salinas 0-0: Called Strike
0-1: Swinging Strike
0-2: Foul Ball, location: 23F
0-2: Ball
1-2: Fielders Choice at 2nd, 5-4 (Groundball, 56, EV 88.1 MPH)
Bottom of the 4th over - 3 runs, 2 hits, 0 errors, 2 left on base; New York 2 - Los Angeles 7
TOP OF THE 5TH
New York Mets batting - Pitching for Los Angeles Dodgers : RHP Eric Beattie
Batting: RHB Chris Sims 0-0: Called Strike
0-1: Foul Ball, location: 2F
0-2: Ball
1-2: Ball
2-2: Ball
3-2: Foul Ball, location: 2F
3-2: Strikes out swinging
Batting: RHB Cesar Oropeza 0-0: SINGLE (Line Drive, 78S, EV 101.9 MPH)
Batting: RHB Nate Morrison 0-0: Ball
1-0: Fielders Choice at 2nd, 6-4 (Groundball, 6, EV 103.1 MPH)
Batting: RHB Jose de la Rosa 0-0: Called Strike
0-1: Foul Ball, location: 2F
0-2: Strikes out swinging
Top of the 5th over - 0 runs, 1 hit, 0 errors, 1 left on base; New York 2 - Los Angeles 7
BOTTOM OF THE 5TH
Los Angeles Dodgers batting - Pitching for New York Mets : RHP Dan Herzog
Batting: RHB Brad Horwath 0-0: Fly out, F3 (Popup, 3SF, EV 79.4 MPH)
Batting: RHB Luis Lozada 0-0: Called Strike
0-1: Ball
1-1: Ground out U3 (Groundball, 34, EV 100.0 MPH)
Batting: SHB Freddie Mitchell 0-0: Called Strike
0-1: Called Strike
0-2: Ground out 6-3 (Groundball, 56, EV 109.4 MPH)
Bottom of the 5th over - 0 runs, 0 hits, 0 errors, 0 left on base; New York 2 - Los Angeles 7
TOP OF THE 6TH
New York Mets batting - Pitching for Los Angeles Dodgers : RHP Eric Beattie
Batting: RHB Ryan Taylor 0-0: Called Strike
0-1: Ball
1-1: Foul Ball, location: 2F
1-2: Strikes out swinging
Batting: RHB Jeff Hestermann 0-0: Called Strike
0-1: Ground out 1-3 (Groundball, 15S, EV 73.1 MPH)
Batting: SHB Curt Tolley 0-0: Called Strike
0-1: Ball
1-1: Ball
2-1: Swinging Strike
2-2: Strikes out swinging
Top of the 6th over - 0 runs, 0 hits, 0 errors, 0 left on base; New York 2 - Los Angeles 7
BOTTOM OF THE 6TH
Los Angeles Dodgers batting - Pitching for New York Mets : RHP Dan Herzog
Batting: RHB Joe Boyer 0-0: Ball
1-0: Called Strike
1-1: Ball
2-1: Ball
3-1: Foul Ball, location: 7LSF
3-2: SINGLE (Line Drive, 78S, EV 84.4 MPH)
Batting: SHB Jason Avsar 0-0: Called Strike
0-1: Fly out, F8 (Flyball, 8RD, EV 91.9 MPH)
Batting: RHB Bryan Uplinger 0-0: Ball
1-0: Fielders Choice at 2nd, 5-4 (Groundball, 56, EV 89.4 MPH)
Batting: RHB Dan Boyd 0-0: Called Strike
0-1: Foul Ball, location: 2F
0-2: Ball
1-2: Ball
2-2: Foul Ball, location: 2F
2-2: Foul Ball, location: 2LF
2-2: Ball
3-2: Strikes out swinging
Bottom of the 6th over - 0 runs, 1 hit, 0 errors, 1 left on base; New York 2 - Los Angeles 7
TOP OF THE 7TH
New York Mets batting - Pitching for Los Angeles Dodgers : RHP Eric Beattie
Pitching: RHP Mike Doe
Now at C: Ron Ascencio
Batting: RHB Marty Krpan 0-0: Fly out, F9 (Flyball, 89M, EV 90.0 MPH)
Batting: LHB Mike Thompson 0-0: Fly out, F8 (Line Drive, 8LD, EV 93.8 MPH)
Batting: RHB Chris Sims 0-0: Ball
1-0: Called Strike
1-1: Ball
2-1: Ball
3-1: Ground out 4-3 (Groundball, 34, EV 81.9 MPH)
Top of the 7th over - 0 runs, 0 hits, 0 errors, 0 left on base; New York 2 - Los Angeles 7
BOTTOM OF THE 7TH
Los Angeles Dodgers batting - Pitching for New York Mets : RHP Dan Herzog
Batting: RHB John Spohn 0-0: Ball
1-0: Foul Ball, location: 9LDF
1-1: Foul Ball, location: 9LSF
1-2: SINGLE (Groundball, P, EV 85.6 MPH) (infield hit)
Pitching: RHP Luis Torres
Batting: RHB Victor Salinas 0-0: Fielders Choice at 2nd, 3-6 (Groundball, 3, EV 81.9 MPH)
Batting: RHB Brad Horwath 0-0: Ball
1-0: Foul Ball, location: 2F
1-1: Called Strike
1-2: Ball
2-2: Strikes out swinging
Batting: RHB Luis Lozada 0-0: Ball
1-0: Ball
2-0: Fielders Choice at 2nd, 5-4 (Groundball, 56, EV 103.1 MPH)
Bottom of the 7th over - 0 runs, 1 hit, 0 errors, 1 left on base; New York 2 - Los Angeles 7
TOP OF THE 8TH
New York Mets batting - Pitching for Los Angeles Dodgers : RHP Mike Doe
Batting: RHB Cesar Oropeza 0-0: Ball
1-0: Ball
2-0: Called Strike
2-1: Foul Ball, location: 2F
2-2: Ball
3-2: Base on Balls
Batting: RHB Nate Morrison 0-0: Ball
1-0: SINGLE (Groundball, 34D, EV 93.8 MPH)
Cesar Oropeza to second
Runner from 2nd tries for 3rd, SAFE, no throw by RF
Batting: RHB Jose de la Rosa 0-0: Called Strike
0-1: Swinging Strike
0-2: Strikes out swinging
Batting: RHB Ryan Taylor 0-0: Ball
1-0: Ball
2-0: Ball
3-0: Base on Balls
Nate Morrison to second
Pitching: RHP Reynaldo Coronado
Batting: RHB Jeff Hestermann 0-0: Ball
1-0: Fly out, F4 (Popup, 34D, EV 60.6 MPH)
Batting: SHB Curt Tolley 0-0: Ball
1-0: Ground out 4-3 (Groundball, 4, EV 90.6 MPH)
Top of the 8th over - 0 runs, 1 hit, 0 errors, 3 left on base; New York 2 - Los Angeles 7
BOTTOM OF THE 8TH
Los Angeles Dodgers batting - Pitching for New York Mets : RHP Luis Torres
Batting: SHB Freddie Mitchell 0-0: Called Strike
0-1: Ball
1-1: Ball
2-1: Swinging Strike
2-2: Strikes out looking
Batting: RHB Ron Ascencio 0-0: Called Strike
0-1: Ball
1-1: Foul Ball, location: 5F
1-2: DOUBLE (Flyball, 8RXD, EV 95.0 MPH)
Batting: SHB Jason Avsar 0-0: Foul Ball, location: 7LSF
0-1: Ball
1-1: Foul Ball, location: 9LDF
1-2: SINGLE (Line Drive, 9S, EV 94.4 MPH)
Ron Ascencio to third
Batting: RHB Bryan Uplinger 0-0: Ball
1-0: Ball
2-0: Swinging Strike
2-1: Ball
3-1: Foul Ball, location: 25F
3-2: Strikes out looking
Batting: RHB Dan Boyd 0-0: Called Strike
0-1: DOUBLE (Line Drive, 7LS, EV 100.6 MPH)
Ron Ascencio scores
Jason Avsar to third
Runner from 3rd tries for Home, SAFE, throw by LF to trailing runner, SAFE at third!
Batting: RHB John Spohn 0-0: Called Strike
0-1: Ball
1-1: Foul Ball, location: 3F
1-2: Foul Ball, location: 3FF
1-2: Ground out 5-3 (Groundball, 56S, EV 87.5 MPH)
Bottom of the 8th over - 2 runs, 3 hits, 0 errors, 1 left on base; New York 2 - Los Angeles 9
TOP OF THE 9TH
New York Mets batting - Pitching for Los Angeles Dodgers : RHP Reynaldo Coronado
Batting: RHB Marty Krpan 0-0: Ball
1-0: SINGLE (Line Drive, 56D, EV 104.4 MPH)
Batting: LHB Mike Thompson 0-0: Called Strike
0-1: Ball
1-1: Fly out, F7 (Flyball, 7, EV 91.9 MPH)
Pinch Hitting: LHB David Thomas 0-0: Ball
1-0: Called Strike
1-1: Ball
2-1: SINGLE (Line Drive, 78S, EV 107.5 MPH)
Marty Krpan to second
Batting: RHB Cesar Oropeza 0-0: Called Strike
0-1: Ball
1-1: Ball
2-1: Foul Ball, location: 23FF
2-2: Ball
3-2: Strikes out swinging
Batting: RHB Nate Morrison 0-0: Swinging Strike
0-1: Ball
1-1: Foul Ball, location: 3F
1-2: DOUBLE (Line Drive, 9LD, EV 102.5 MPH)
Marty Krpan scores
David Thomas to third
Batting: RHB Jose de la Rosa 0-0: Ball
1-0: Called Strike
1-1: Ball
2-1: Called Strike
2-2: Ball
3-2: Strikes out swinging
Top of the 9th over - 1 run, 3 hits, 0 errors, 2 left on base; New York 3 - Los Angeles 9
Saturday, April 13th , 2024 - OOTP Baseball 24.11 Build 85